AoeStats
← GoldPhantom

Fortress

508420831Analyzed
4v4 RM · 11d ago on Sep 22, 2026· 7m 34s· 8 players
Game mode
Random Map
Map size
Huge
Population
200
Speed
Normal
Resources
Standard
Victory
Conquest
Starting age
Dark Age
Ending age
Imperial Age
RankedLock teamsTeams togetherTeam positionsShared explorationLock speedFull tech treeHidden civsTurbo modeCheats
Victory
Defeat
🇻🇪 Bohemians · Venezuela
856
+16
🇲🇽 Burgundians · Mexico
802
+18
🇮🇳 Celts · India
790
+18
🇻🇪 Mongols · Venezuela
767
+19
🇨🇳 Turks · China
946
-21
🇭🇰 Lithuanians · Hong Kong SAR China
822
-17
🇦🇺 Celts · Australia
814
-17
🇪🇸 Hindustanis · Spain
805
-16
GoldPhantom
7:42 Feudal Age
5:59 Loom
Conde Rubio
8:59 Feudal Age
gongyi528
Pro
8:53 Feudal Age
rtxron99ti
8:57 Feudal Age
xxbysnipxx
JAEC
7:54 Feudal Age
9:30 Feudal Age
retroesam
8:37 Feudal Age
Connection lost

Rejoining the realm…

Still unreachable

The connection could not be restored.

Session expired

The server has moved on; the page needs a fresh start.